 Dungeon Crawl Stone Soup version 0.22-a0-580-gd5db89c (webtiles) character file.

3 Amnesiac the Magician (level 1, -1/9 HPs)
             Began as a Spriggan Wanderer on July 2, 2018.
             Slain by an ooze (2 damage)
             ... on level 3 of the Dungeon.
             The game lasted 00:00:47 (511 turns).

Amnesiac the Magician (Spriggan Wanderer)            Turns: 511, Time: 00:00:47

Health: -1/9       AC:  2    Str:  9    XL:     1   Next: 41%
Magic:  5/5        EV: 15    Int: 13    God:
Gold:   54         SH:  0    Dex: 14    Spells: 6/6 levels left

rFire    . . .     SeeInvis +   e - +0 dagger
rCold    . . .     Gourm    .   (shield restricted)
rNeg     . . .     Faith    .   d - +0 robe
rPois    .         Spirit   .   (helmet restricted)
rElec    .         Reflect  .   (no cloak)
rCorr    .         Harm     .   (gloves unavailable)
MR       .....                  (boots unavailable)
Stlth    +.........             (no amulet)
HPRegen  0.03/turn              (no ring)
MPRegen  0.09/turn              (no ring)

@: very quick
A: very small, unfitting armour, see invisible, herbivore, speed 3, slow
metabolism 2
a: no special abilities


You were on level 3 of the Dungeon.
You were not hungry.

You visited 1 branch of the dungeon, and saw 3 of its levels.

You collected 54 gold pieces.

Inventory:

Hand Weapons
 e - a +0 dagger (weapon)
Armour
 d - a +0 robe (worn)
Scrolls
 a - 2 scrolls of identify {!r, unknown}
 b - a scroll of enchant armour {!r, unknown}
Comestibles
 f - a ration


   Skills:
 + Level 3.1 Spellcasting
   Level 1.3 Conjurations
   Level 3.0 Translocations
   Level 1.0 Ice Magic
   Level 1.0 Earth Magic
   Level 2.6 Evocations


You had 6 spell levels left.
You didn't know any spells.
Your spell library contained the following spells:

 Spells                   Type           Power        Failure   Level  Hunger
 Conjure Flame            Conj/Fire      #.......     45%         3    ###....
 Teleport Other           Tloc           #.......     21%         3    ###....
 Blink                    Tloc           N/A          10%         2    ##.....
 Stone Arrow              Conj/Erth      #.....       38%         3    ###....
 Flame Tongue             Conj/Fire      #....        17%         1    #......
 Sandblast                Erth           #.....       16%         1    #......
 Passage of Golubria      Tloc           N/A          54%         4    #####..
 Shroud of Golubria       Chrm/Tloc      #.........   19%         2    ##.....
 Gell's Gravitas          Tloc           #.........   21%         3    ###....
 Lesser Beckoning         Tloc           #.........   21%         3    ###....


Dungeon Overview and Level Annotations

Branches:
Dungeon (3/15)

Altars:


Innate Abilities, Weirdness & Mutations

You are very small and have problems with some larger weapons.
You are too small for most types of armour.
You have supernaturally acute eyesight. (SInv)
You are a herbivore.
You cover ground extremely quickly.
You need to consume almost no food.


Message History

You hit the bat.
The bat is severely wounded.
The bat hits you but does no damage. The bat barely misses you.
You hit the bat.
You kill the bat!
The bat closely misses you.
You swing at nothing.
The bat hits you but does no damage.
You swing at nothing.
The bat closely misses you.
You swing at nothing.
The bat hits you but does no damage.
You swing at nothing.
The bat misses you.
You swing at nothing.
The bat misses you.
You swing at nothing.
The bat completely misses you.
You swing at nothing.
The bat closely misses you.
You swing at nothing.
The bat barely misses you. The bat hits you.
* * * LOW HITPOINT WARNING * * *
You hit the bat.
The bat is severely wounded.
The bat hits you but does no damage.
You swing at nothing.
The bat barely misses you.
You hit the bat.
You kill the bat!
Your Spellcasting skill increases to level 3!
You swing at nothing.
You swing at nothing.
You swing at nothing.
You swing at nothing.
You swing at nothing.
You swing at nothing.
You swing at nothing.
You swing at nothing.
You swing at nothing.
You swing at nothing.
You swing at nothing.
You start resting.
HP restored.
You see here a ring mail.
There is a stone staircase leading down here.
You start resting.
HP restored.
You climb downwards.
There is a stone staircase leading up here.
Okay, then.
You now have 42 gold pieces (gained 6).
You open the door.
There is an open door here.
You now have 54 gold pieces (gained 12).
An ooze comes into view.
An ooze is nearby!
The helpless ooze fails to defend itself.
You hit the ooze.
The ooze is moderately wounded.
The ooze hits you.
You hit the ooze but do no damage.
The ooze is moderately wounded.
The ooze closely misses you.
You hit the ooze.
The ooze is moderately wounded.
The ooze hits you.
Ouch! That really hurt!
* * * LOW HITPOINT WARNING * * *
You hit the ooze but do no damage.
The ooze is moderately wounded.
The ooze hits you.
You die...

#.# ######'#### #.#
#.........# #.#
#.####.##.# #.# #.#
#...... .#.#
#.###...#.. ## #
#.###.......... #.#
##..........##.
#J###.########.###.
#@#.## ### #. ##.##
## ###


You could see an ooze.

Vanquished Creatures
  2 bats (D:2)
  A rat (D:2)
3 creatures vanquished.

Notes
Turn   | Place    | Note
-------+----------+-------------------------------------------
     0 | D:1      | Amnesiac the Spriggan Wanderer began the quest for the Orb.
     0 | D:1      | Amnesiac set off with: a +0 robe, a +0 dagger, a ration
     0 | D:1      | Reached XP level 1. HP: 9/9 MP: 5/5
     2 | D:1      | Noticed a spriggan
     2 | D:1      | Noticed a tengu
     4 | D:1      | Noticed a centaur
     4 | D:1      | Noticed a human
     6 | D:1      | Noticed a demonspawn
     8 | D:1      | Noticed a vine stalker
     8 | D:1      | Noticed an elf
    10 | D:1      | Noticed a dwarf
    10 | D:1      | Noticed a minotaur
    12 | D:1      | Noticed a felid
    14 | D:1      | Noticed a draconian
    14 | D:1      | Noticed a ghoul
    16 | D:1      | Noticed a troll
    18 | D:1      | Noticed an ogre
    18 | D:1      | Noticed an octopode
    20 | D:1      | Noticed a demigod
    20 | D:1      | Noticed a halfling
    22 | D:1      | Noticed a vampire
    22 | D:1      | Noticed a naga
    24 | D:1      | Noticed a formicid
    24 | D:1      | Noticed a gargoyle
    26 | D:1      | Noticed a merfolk
   511 | D:3      | Slain by an ooze

Vault maps used:
D:1:      kb_arrival_jail
D:2:      bloody_trog, lemuel_coloured_pillars_altar
D:3:      nicolae_ashenzari_panopticon, first_ration

Skill      XL: |  1 |
---------------+----+-----
Spellcasting   | 3 |  3.1
Conjurations   | |  1.3
Translocations | |  3.0
Ice Magic      | |  1.0
Earth Magic    | |  1.0
Evocations     | |  2.6

Action                   || total
-------------------------++-------
Melee: Dagger            ||    20
 Stab: Sleeping          ||     1
Armor: Robe              ||    11
Dodge: Dodged            ||    22

Table legend:
 A = Spawn XP
 B = Non-spawn XP
 C = Spawn XP percentage of total XP
 D = Spawn monster count
 E = Non-spawn monster count
 F = Spawn count percentage of total count
 G = Total turns spent on level
                    A         B        C        D         E        F      G
               +---------+---------+-------+---------+---------+-------+---------
         Total |       0 |       5 |   0.0 |       0 |       3 |   0.0 |   511
               +---------+---------+-------+---------+---------+-------+---------
           D:2 |       0 |       5 |   0.0 |       0 |       3 |   0.0 |   355
               +---------+---------+-------+---------+---------+-------+---------
